 Dungeon Crawl Stone Soup version 0.21.1-1-g345015f (webtiles) character file.

9866 kae the Cleaver (level 11, -6/99 HPs)
             Began as a Hill Orc Fighter on May 31, 2018.
             Was a Follower of Makhleb.
             Mangled by a death yak (19 damage)
             ... on level 10 of the Dungeon.
             The game lasted 00:10:59 (11654 turns).

kae the Cleaver (Hill Orc Fighter)                 Turns: 11654, Time: 00:11:00

Health: -6/99      AC: 14    Str: 22    XL:     11   Next: 53%
Magic:  15/15      EV: 13    Int:  8    God:    Makhleb [*.....]
Gold:   109        SH:  0    Dex: 11    Spells: 10/10 levels left

rFire    . . .     SeeInvis +   Q - +5 battleaxe of Xomeses {chop, MR+ SInv Stlth-}
rCold    . . .     Gourm    +   (shield currently unavailable)
rNeg     . . .     Faith    .   b - +0 scale mail
rPois    .         Spirit   .   l - +1 helmet
rElec    .         Reflect  .   d - +1 cloak {MR+}
rCorr    .         Harm     .   (no gloves)
MR       ++...                  q - +0 pair of boots
Stlth    ..........             o - amulet of the gourmand
HPRegen  0.26/turn              (no ring)
MPRegen  0.14/turn              n - ring of see invisible

@: no status effects
A: no striking features
a: Renounce Religion


You were on level 10 of the Dungeon.
You worshipped Makhleb.
Makhleb was aware of your devotion.
You were very full.

You visited 2 branches of the dungeon, and saw 11 of its levels.
You also visited: Sewer.

You collected 684 gold pieces.
You spent 575 gold pieces at shops.

Inventory:

Hand Weapons
 a - a +1 war axe
 K - a +0 broad axe of chopping
 Q - the +5 battleaxe of Xomeses (weapon) {chop, MR+ SInv Stlth-}
   (You acquired it on level 9 of the Dungeon)

   It inflicts extra damage upon your enemies.
   It affects your resistance to hostile enchantments.
   It lets you see invisible.
   It makes you less stealthy.
Armour
 b - a +0 scale mail (worn)
 c - a +0 shield
 d - a +1 cloak of magic resistance (worn)
 k - a scarf of cloud immunity
 l - a +1 helmet (worn)
 q - a +0 pair of boots (worn)
Jewellery
 i - an uncursed ring of flight
 n - a ring of see invisible (right hand)
 o - an amulet of the gourmand (around neck)
 M - an uncursed ring of stealth
Wands
 h - a wand of polymorph (9)
 w - a wand of disintegration (12)
 C - a wand of acid (1)
 L - a wand of random effects (38)
Scrolls
 e - 3 scrolls of blinking
 j - 2 scrolls of magic mapping
 m - 2 scrolls of remove curse
 x - 2 scrolls of fear
 F - 5 scrolls of teleportation
 G - 4 scrolls of fog
 P - a scroll of enchant weapon
Potions
 g - 4 potions of lignification
 p - a potion of resistance
 r - 7 potions of curing
 s - 4 potions of brilliance
 t - a potion of agility
 u - 4 potions of berserk rage
 z - 4 potions of magic
 A - 4 potions of heal wounds
 B - 2 potions of invisibility
 D - 2 potions of ambrosia
 E - a potion of might
 H - 2 potions of mutation
 I - a potion of haste
 O - a potion of degeneration
 R - a potion of cancellation
Books
 v - a book of Cantrips

   Spells                             Type                      Level
   a - Confusing Touch                Hexes                        1
   b - Animate Skeleton               Necromancy                   1
   c - Summon Small Mammal            Summoning                    1
   d - Apportation                    Translocation                1
 y - a book of Callings

   Spells                             Type                      Level
   a - Summon Small Mammal            Summoning                    1
   b - Call Imp                       Summoning                    2
   c - Call Canine Familiar           Summoning                    3
   d - Summon Guardian Golem          Hexes/Summoning              3
   e - Summon Lightning Spire         Summoning/Air                4
   f - Summon Ice Beast               Ice/Summoning                4
 J - a book of Minor Magic

   Spells                             Type                      Level
   a - Magic Dart                     Conjuration                  1
   b - Blink                          Translocation                2
   c - Call Imp                       Summoning                    2
   d - Slow                           Hexes                        2
   e - Conjure Flame                  Conjuration/Fire             3
   f - Mephitic Cloud                 Conjuration/Poison/Air       3
Comestibles
 f - 19 rations


   Skills:
 + Level 9.9 Fighting
 * Level 13.8 Axes
 + Level 9.1 Armour
 + Level 6.4 Dodging
 - Level 3.2 Shields
 * Level 5.7 Invocations


You had 10 spell levels left.
You didn't know any spells.

Dungeon Overview and Level Annotations

Branches:
Dungeon (10/15)            Temple (1/1) D:5
   Lair: D:8-11         Orc: D:9-12

Altars:
Ashenzari
Cheibriados
Dithmenos
Elyvilon
Fedhas
Gozag
Hepliaklqana
Kikubaaqudgha
Makhleb
Nemelex Xobeh
Okawaru
Qazlal
Ru
Sif Muna
Trog
Uskayaw
Vehumet
Wu Jian
Xom
Yredelemnul
Zin
The Shining One

Shops:
D:6 !   D:8 (*}*   D:9 =%(%*   D:10 *


Message History

The death yak is severely wounded.
The death yak gores you but does no damage.
You completely miss the death yak.
The death yak is severely wounded.
The death yak gores you but does no damage.
You hit the death yak.
The death yak is severely wounded.
The death yak completely misses you.
You hit the death yak but do no damage.
The death yak is severely wounded.
The death yak gores you!
* * * LOW HITPOINT WARNING * * *
You hit the death yak.
The death yak is severely wounded.
The death yak closely misses you.
An orc warrior comes into view. It is wielding a trident.
You hit the death yak.
The death yak is almost dead.
The death yak gores you!!
You die...

.........#
..).....#
.........#
........#
.........+
.........
...Y.....#
.........
.........#
#...........
.....Y...#
#...........
.YY.....Y#
#...........
.....###Y#
#........... ...
#@# #........... .
#.#####...........
#.o...............
#.................
#.....#####<......
#...o.# #≈≈≈≈≈≈≈≈
........#
#≈≈≈≈≈≈≈≈≈
##......#
#≈≈≈≈≈≈≈≈≈
#......#
#≈≈≈≈♣♣♣≈≈


You could see a death yak, a yak, an orc warrior and an orc (wandering).

Vanquished Creatures
  2 two-headed ogres
  2 death yaks (D:10)
  An unseen horror (D:7)
  A gargoyle (D:10)
  Grinder (D:6)
  2 hippogriffs
  The ghost of diana the Insei, an amateur OpTm of Ashenzari (D:5)
  4 hogs (D:7)
  6 yaks (D:10)
  A human (D:7)
  A hungry ghost (D:7)
  A water moccasin (D:5)
  4 ice beasts
  3 orc warriors
  3 necrophages
  5 ogres
  2 phantoms
  A wolf (D:9)
  A centaur (D:9)
  A crocodile (D:9)
  Blork the orc (D:6)
  3 bullfrogs
  The ghost of Iko the Poker, a weakling GnBe of Trog (D:4)
  2 scorpions
  3 killer bees (D:8)
  5 wights (D:9)
  2 howler monkeys
  3 bullfrog zombies
  5 crimson imps
  3 hounds
  A jelly (D:6)
  Crazy Yiuf (D:5)
  9 orc priests
  6 orc wizards
  3 bullfrog skeletons
  An iguana (D:6)
  Jessica (D:2)
  4 worker ants
  A hound skeleton (D:8)
  A howler monkey zombie (D:6)
  A killer bee simulacrum (D:9)
  A worker ant zombie (D:7)
  Robin (D:4)
  19 adders
  3 gnolls (D:9)
  3 river rats (Sewer)
  5 shadow imps
  3 white imps (D:9)
  A worker ant simulacrum (D:9)
  2 oozes
  2 adder zombies
  An adder skeleton (D:9)
  A worm (D:2)
  4 dart slugs
  An adder simulacrum (D:9)
  5 leopard geckos
  35 orcs
  5 giant cockroaches
  16 goblins
  9 hobgoblins
  26 jackals
  6 quokkas
  13 ball pythons
  A ball python skeleton (D:4)
  4 bats
  8 frilled lizards
  A jackal skeleton (D:4)
  13 kobolds
  A quokka skeleton (D:5)
  29 rats
  2 fungi (D:5)
321 creatures vanquished.

Vanquished Creatures (others)
  An orc warrior (D:7)
  A bullfrog (D:7)
  A quokka (D:7)
  A quokka skeleton (D:7)
4 creatures vanquished.

Grand Total: 325 creatures vanquished

Notes
Turn   | Place    | Note
-------+----------+-------------------------------------------
     0 | D:1      | kae the Hill Orc Fighter began the quest for the Orb.
     0 | D:1      | Reached XP level 1. HP: 19/19 MP: 1/1
   148 | D:1      | Reached skill level 3 in Axes
   168 | D:1      | Reached XP level 2. HP: 27/27 MP: 2/2
   801 | D:2      | Reached XP level 3. HP: 33/33 MP: 3/3
   831 | D:2      | Found a snail-covered altar of Cheibriados.
   949 | D:2      | Reached skill level 1 in Dodging
   982 | D:2      | Reached skill level 4 in Axes
  1046 | D:2      | Reached XP level 4. HP: 32/40 MP: 4/4
  1349 | D:2      | Noticed Jessica
  1359 | D:2      | Killed Jessica
  1636 | D:2      | Found a radiant altar of Vehumet.
  1648 | D:2      | Reached XP level 5. HP: 46/47 MP: 5/5
  2369 | D:3      | Reached skill level 5 in Axes
  2382 | D:3      | Reached XP level 6. HP: 25/53 MP: 6/6
  2894 | D:4      | Noticed Iko's ghost (weakling GnBe)
  2931 | D:4      | Killed Iko's ghost
  3611 | D:4      | Reached skill level 5 in Fighting
  3611 | D:4      | Reached skill level 6 in Axes
  3702 | D:4      | Reached XP level 7. HP: 28/61 MP: 7/7
  3953 | D:4      | Found a sacrificial altar of Ru.
  4374 | D:4      | Reached skill level 7 in Axes
  4374 | D:4      | Reached skill level 5 in Armour
  4656 | D:4      | Noticed Robin
  4676 | D:4      | Killed Robin
  4897 | D:4      | Found a glowing silver altar of Zin.
  4918 | D:5      | Entered Level 5 of the Dungeon
  4963 | D:5      | Noticed diana's ghost (amateur OpTm)
  4969 | D:5      | Killed diana's ghost
  4969 | D:5      | Reached XP level 8. HP: 67/70 MP: 8/8
  4995 | D:5      | Reached skill level 8 in Axes
  5273 | D:5      | Found a staircase to the Ecumenical Temple.
  5307 | Temple   | Entered the Ecumenical Temple
  5788 | D:5      | Noticed a hippogriff
  5805 | D:5      | Killed a hippogriff
  5805 | D:5      | Reached skill level 9 in Axes
  6009 | D:5      | Reached XP level 9. HP: 53/78 MP: 9/9
  6202 | D:5      | Found a runed door.
  6206 | D:5      | Noticed Crazy Yiuf
  6218 | D:5      | Killed Crazy Yiuf
  6525 | D:6      | Noticed Grinder
  6526 | D:6      | Found a hazy altar of Hepliaklqana.
  6540 | D:6      | Killed Grinder
  6540 | D:6      | Reached skill level 10 in Axes
  6624 | D:6      | Noticed a dagger
  6624 | D:6      | Noticed a hand axe
  6625 | D:6      | Found a hide-covered altar of Uskayaw.
  6736 | D:6      | Noticed Blork the orc
  6751 | D:6      | Killed Blork the orc
  6754 | D:6      | Found a glowing drain.
  6775 | Sewer    | Entered a sewer
  7597 | D:6      | Found Olineor's Distillery.
  7600 | D:6      | Bought a potion of heal wounds for 65 gold pieces
  7715 | D:7      | Reached skill level 11 in Axes
  7863 | D:7      | Found a shimmering altar of Xom.
  7995 | D:7      | Reached skill level 5 in Dodging
  7995 | D:7      | Reached XP level 10. HP: 70/88 MP: 10/10
  8298 | D:7      | Noticed an unseen horror
  8316 | D:7      | Killed an unseen horror
  8316 | D:7      | Reached skill level 12 in Axes
  8426 | D:8      | Found Saptetag's Gadget Shop.
  8712 | D:8      | Found Ontalul's Antique Weapon Shop.
  8717 | D:8      | Bought a glowing broad axe for 203 gold pieces
  8752 | D:8      | Found Huzicliv's Assorted Antiques.
  8760 | D:8      | Bought a scroll labeled KYBBIC WOSAITH for 34 gold pieces
  8798 | D:8      | Noticed a two-headed ogre
  8809 | D:8      | Killed a two-headed ogre
  8985 | D:8      | Found Booqah's Assorted Antiques.
  8991 | D:8      | Bought a scroll labeled NORYIVUNKI for 22 gold pieces
  8991 | D:8      | Bought a scroll of identify for 44 gold pieces
 10085 | D:8      | Found a burning altar of Makhleb.
 10107 | D:8      | Became a worshipper of Makhleb the Destroyer
 10309 | D:9      | Reached skill level 1 in Invocations
 10467 | D:9      | Noticed a two-headed ogre
 10474 | D:9      | Reached skill level 13 in Axes
 10483 | D:9      | Killed a two-headed ogre
 10483 | D:9      | Reached XP level 11. HP: 55/97 MP: 11/13
 10749 | D:9      | Found Zanitzom's Assorted Antiques.
 10756 | D:9      | Bought a scroll labeled SIYN PENYANGIMY for 30 gold pieces
 10756 | D:9      | Bought an orange potion for 27 gold pieces
 10756 | D:9      | Bought a scroll labeled KISOKU NIDECH for 30 gold pieces
 10756 | D:9      | Bought a scroll of identify for 60 gold pieces
 10756 | D:9      | Bought a scroll of identify for 60 gold pieces
 10757 | D:9      | Got a fine battleaxe
 10763 | D:9      | Identified the +5 battleaxe of Xomeses {chop, MR+ SInv Stlth-} (You acquired it on level 9 of the Dungeon)
 10885 | D:9      | Reached * piety under Makhleb
 10888 | D:9      | Found Uxymadi's Food Emporium.
 10888 | D:9      | Found Ruthreh's Antique Weapon Shoppe.
 10909 | D:9      | Found Epiroc's Jewellery Shop.
 11029 | D:9      | Found a deep blue altar of Sif Muna.
 11073 | D:9      | Found Iskeemam's Food Boutique.
 11214 | D:10     | Entered Level 10 of the Dungeon
 11564 | D:10     | Found Micoxker's Island Escapes.
 11594 | D:10     | Noticed a death yak
 11605 | D:10     | Noticed a death yak
 11608 | D:10     | Noticed a death yak
 11615 | D:10     | Killed a death yak
 11616 | D:10     | Reached skill level 5 in Invocations
 11620 | D:10     | Killed a death yak
 11654 | D:10     | Mangled by a death yak

Skill      XL: |  1  2  3  4  5  6  7  8  9 10 11 |
---------------+----------------------------------+-----
Axes           | 3 4 5 6 7 9 11 13 | 13.8
Fighting       | 4 5 6 8 9 |  9.9
Dodging        | 1 2 3 5 6 |  6.4
Armour         | 4 5 6 7 8 9 |  9.1
Invocations    | 3 5 |  5.7
Shields        | |  3.2

Action                   |  1- 3 |  4- 6 |  7- 9 | 10-12 || total
-------------------------+-------+-------+-------+-------++-------
Melee: War axe           |   104 |   219 |   434 |    71 ||   828
       Broad axe         |       |       |       |   149 ||   149
       Battleaxe         |       |       |       |    90 ||    90
Evoke: Wand              |       |       |     4 |       ||     4
  Use: Potion            |       |     2 |     2 |     1 ||     5
       Scroll            |       |     5 |    12 |    12 ||    29
  Eat: Chunk             |       |     6 |    13 |    19 ||    38
       Ration            |       |     1 |     2 |       ||     3
Armor: Scale mail        |    54 |    87 |   184 |   112 ||   437
       Skin              |       |       |    26 |       ||    26
Dodge: Dodged            |    35 |    86 |   148 |   124 ||   393
Block: Shield            |    55 |   119 |   200 |    93 ||   467
